[Event "*** Titled Tuesday Blitz"]
[Site "Chess.com"]
[Date "2019.05.07"]
[Round "3"]
[White "Roenko_Artur"]
[Black "Casablanca"]
[Result "0-1"]
[WhiteElo "2219"]
[BlackElo "2156"]
[TimeControl "180+2"]
[EndTime "13:40:38 PDT"]
[Termination "Casablanca won on time"]

1. e4 e6 2. d4 b6 3. Nd2 Bb7 4. Bd3 c5 5. c3 Nf6 6. Ngf3 d5 7. e5 Nfd7 8. Qe2 Be7 9. O-O Qc8 10. c4 cxd4 11.
Nxd4 Nc6 12. Nxc6 Bxc6 13. cxd5 Bxd5 14. Qh5 Qb7 15. f3 g6 16. Qh6 Bf8 17. Qf4 Bg7 18. Bb5 O-O 19. Bxd7 Qxd7 20. Ne4 Bxe4 21. Qxe4 Rfd8 22. Bg5 Qd4+ 23. Kh1 Qxe4 24. fxe4 Rd4 25. Rac1 h6 26. Be7 Rxe4 27. Rc7 Rxe5 28. g4 Re2 29. Bd6 f5 30. gxf5 exf5 31. Rg1 Kh7 32. h4 h5 33. Rc6 Rae8 34. Bf4 R8e6 35. Rc7 Re7 36. Rc6 R2e6 37. Rc2 Be5 38. Bg5 Bf6 39. Bf4 Re1 40. Rxe1 Rxe1+ 41. Kg2 Bxh4 42. Kh3 Bf6 43. Rc6 Kg7 44.
Bd2 Re2 45. Rc7+ Re7 46. Rc6 g5 47. b3 Rd7 48. Bb4 Rd3+ 49. Kg2 h4 50. Rc7+ Kg6 51. Rc8 h3+ 52. Kh1 Rd1+ 53. Kh2 g4 54. Rg8+ Kf7 55. Rf8+ Kg7 56. Re8 Rc1 57. Re6 Rc2+ 58. Kg3 Kf7 59. Re1 h2 0-1

[Event "*** Titled Tuesday Blitz"]
[Site "Chess.com"]
[Date "2019.05.07"]
[Round "3"]
[White "Orest_Vovk"]
[Black "ChessQueen"]
[Result "1/2-1/2"]
[WhiteElo "2438"]
[BlackElo "2644"]
[TimeControl "180+2"]
[EndTime "13:40:47 PDT"]
[Termination "Game drawn by agreement"]

1. h4 h5 2. Nf3 Nc6 3. e4 d5 4.
exd5 Qxd5 5. Nc3 Qa5 6. Ng5 Qe5+ 7. Qe2 Bf5 8. Qxe5 Nxe5 9. d3 f6 10. Nge4 O-O-O 11. Be2 Nc6 12. Be3 e5 13. O-O-O Bg6 14.
f4 Nge7 15. Nc5 Nf5 16. Bf2 Bxc5 17. Bxc5 Ng3 18. Rhe1 exf4 19. Bf3 Rhe8 20. Nd5 Ne2+ 21. Kd2 Ng3 22. Nxf4 Bf7 23. Bxc6 bxc6 24. Bxa7 g5 25. hxg5 fxg5 26. Ne2 Nxe2 27. Rxe2 Rxe2+ 28. Kxe2 Bd5 29. Kf2 Rf8+ 30. Kg1 Re8 31. Kf2 Rf8+ 32. Kg1 Re8 33. c4 Bg8 34. Kf2 Rf8+ 35. Ke2 Be6 36. Rf1 Bg4+ 37.
Ke1 Re8+ 38. Kf2 Re2+ 39. Kg1 Rxb2 40. Be3 Rxa2 41. Bxg5 Be2 42. Rf8+ Kb7 43. Rd8 Ra5 44. Bf4 Rf5 45. g3 Rf7 46. Kf2 Bg4 47. Ke3 Re7+ 48.
Kd2 Rf7 49. Ke3 c5 50. Rd5 Kc6 51. Re5 Rd7 52. Kd2 Rf7 53. Be3 Rf3 54. Rxc5+ Kd6 55. Rd5+ Ke6 56. Bf4 h4 57. Rg5 Bf5 58. Be3 Rxg3 59.
Rxg3 hxg3 60. Ke2 g2 61. Kf2 Bxd3 62. Kxg2 Bxc4 63. Kf2 Kd5 1/2-1/2

[Event "*** Titled Tuesday Blitz"]
[Site "Chess.com"]
[Date "2019.05.07"]
[Round "3"]
[White "dsanchez1973"]
[Black "AndrewMcStone"]
[Result "1/2-1/2"]
[WhiteElo "2053"]
[BlackElo "2115"]
[TimeControl "180+2"]
[EndTime "13:40:48 PDT"]
[Termination "Game drawn by repetition"]

1. e4 Nc6 2. d4 d5 3. e5 Bf5 4. c3 e6 5. Ne2 Qd7 6. Ng3 Bg6 7. Bb5 f6 8. exf6 Nxf6 9. O-O Bd6 10. Nd2 a6 11. Ba4 O-O 12. Nf3 Ne4 13. Be3 Rae8 14.
Nh4 Bf5 15. Bc2 Nxg3 16. hxg3 Bxc2 17. Qxc2 e5 18. dxe5 Nxe5 19. Rad1 c6 20. Bd4 Qg4 21. Bxe5 Bxe5 22. Nf3 Bf6 23. Rfe1 Qc4 24. Rxe8 Rxe8 25.
Nd4 Bxd4 26. Rxd4 Re1+ 27. Kh2 Qf1 28. g4 Qh1+ 29. Kg3 Rg1 30. f3 Rc1 31. Qf5 Qe1+ 32. Kf4 Qe7 33. Qc8+ Kf7 34. Kg3 Qe1+ 35. Kf4 Qe7 36.
Qf5+ Kg8 37. g5 Re1 38. Qc8+ Kf7 39. Kg3 Qe5+ 40. Rf4+ Ke7 41. Qxb7+ Kd6 42. Qb8+ Kc5 43. Qxe5 Rxe5 44. Rf7 Rxg5+ 45. Kf2 Kb6 46. g4 h6 47. Kg3 Rg6 48. f4 c5 49. Rd7 Kc6 50.
Rd8 c4 51. Ra8 Kb6 52. Rd8 Kc6 53. f5 Rg5 54. Kf4 Kc5 55. Ra8 Kb6 56. Re8 Kc6 57. Re6+ Kb5 58. a4+ Kxa4 59. Rxa6+ Kb3 60. Rb6+ Kc2 61.
Rb5 Kc1 62. Rb6 Kc2 63. Rb5 Kc1 64. Rb6 Kc2 65. Rb5 1/2-1/2

[Event "*** Titled Tuesday Blitz"]
[Site "Chess.com"]
[Date "2019.05.07"]
[Round "3"]
[White "Zarikovs1999"]
[Black "Satscho"]
[Result "1-0"]
[WhiteElo "2572"]
[BlackElo "2296"]
[TimeControl "180+2"]
[EndTime "13:40:55 PDT"]
[Termination "Zarikovs1999 won by resignation"]

1. e4 c6 2. d4 d5 3. Nc3 dxe4 4. Nxe4 Bf5 5. Ng3 Bg6 6. h4 h6 7. Nf3 Nd7 8. h5 Bh7 9. Bd3 Bxd3 10. Qxd3 Ngf6 11.
Bd2 e6 12. O-O-O Be7 13. Kb1 Qc7 14. Ne4 Nxe4 15. Qxe4 Nf6 16. Qe2 Rd8 17. Be3 Nd5 18. c4 Nf4 19. Bxf4 Qxf4 20. g3 Qf5+ 21. Qd3 Qxd3+ 22.
Rxd3 O-O 23. Rhd1 Bf6 24. Kc2 Rd7 25. Ne5 Rc7 26. f4 Re8 27. b3 c5 28. Nf3 cxd4 29.
Nxd4 e5 30. Nb5 Rce7 31. Nd6 Rb8 32. Nf5 Ree8 33. Rd6 exf4 34. gxf4 Re2+ 35. R1d2 Rxd2+ 36. Kxd2 Kf8 37. Kd3 Rd8 38. Rxd8+ Bxd8 39. Ke4 Bf6 40. Kd5 Bc3 41. Nd6 b6 42. Nc8 Bd2 43. Ke4 Ke8 44. f5 Kd7 45. Nxa7 Bg5 46. Nb5 Kc6 47. Kd4 Bf6+ 48. Kd3 Be7 49. Nd4+ Kc5 50. Kc3 Bf6 51. b4+ Kd6 52. Kd3 Be7 53. Ke4 Kc7 54. a3 Bf6 55. Kd5 Be7 56. Nb5+ Kb7 57. c5 bxc5 58. bxc5 Ka6 59.
Kc4 Bd8 60. Nd6 f6 61. Ne8 1-0

[Event "*** Titled Tuesday Blitz"]
[Site "Chess.com"]
[Date "2019.05.07"]
[Round "3"]
[White "blitzking1729"]
[Black "mikhaillushenkov"]
[Result "1/2-1/2"]
[WhiteElo "2475"]
[BlackElo "2758"]
[TimeControl "180+2"]
[EndTime "13:41:10 PDT"]
[Termination "Game drawn by repetition"]

1. Nf3 d5 2. c4 d4 3. e3 Nc6 4.
exd4 Nxd4 5. Nxd4 Qxd4 6. d3 Nh6 7. Nc3 c6 8. Be3 Qd8 9. Bxh6 gxh6 10. d4 Bg7 11. d5 cxd5 12. cxd5 O-O 13. Be2 Bf5 14. O-O Rc8 15. Qd2 a6 16. Rac1 b5 17. Rfd1 Qd6 18. a3 Rfd8 19. Bf3 Rc4 20. b4 Rdc8 21. Ne2 Be5 22.
g3 Kg7 23. Bg2 Bg6 24. Bf3 h5 25. h4 h6 26. Qe3 Qf6 27. Kg2 Bb2 28. Rxc4 Rxc4 29.
Nf4 Bd4 30. Qe2 Rc2 31. Rd2 Rxd2 32. Qxd2 Qe5 33. Nxg6 fxg6 34. Qd3 Bb6 35. a4 bxa4 36. Qxa6 Qd4 37. Qe2 Kf8 38. Kh3 a3 39. Be4 Qe5 40.
f3 Qb2 41. Qxb2 axb2 42. Kg2 Kg7 43. Kf1 g5 44. Ke2 gxh4 45. gxh4 Kf6 46. Kd2 Bd4 47. Kc2 Ke5 48. b5 Kf4 49. Bg6 Kxf3 50. Bxh5+ Kg3 51. Bf7 Kxh4 52. b6 Bxb6 53. Kxb2 h5 54.
Kc2 Kg4 55. Kd3 h4 56. Ke2 Kg3 57. Kf1 h3 58. d6 exd6 59. Bd5 Kf4 60. Bh1 Ke5 61.
Ke2 Kf4 62. Kf1 Kg3 63. Bd5 Bd4 64. Bh1 Bb6 65. Bd5 Kf4 66. Bh1 1/2-1/2

[Event "*** Titled Tuesday Blitz"]
[Site "Chess.com"]
[Date "2019.05.07"]
[Round "3"]
[White "Karacsonyi_Gellert"]
[Black "MarcoRiehle"]
[Result "1-0"]
[WhiteElo "2569"]
[BlackElo "2600"]
[TimeControl "180+2"]
[EndTime "13:41:16 PDT"]
[Termination "Karacsonyi_Gellert won by resignation"]

1. e4 e5 2. Nf3 Nf6 3. d4 Nxe4 4. dxe5 d5 5. Nbd2 Bf5 6. Nxe4 Bxe4 7. Bd3 Nc6 8. O-O Be7 9. Bf4 O-O 10. c3 f5 11.
exf6 Bxf6 12. Bg3 Qe8 13. Bxe4 dxe4 14. Qb3+ Qf7 15. Nd2 Qxb3 16. axb3 Rfe8 17. Bxc7 Rac8 18. Bf4 g5 19. Be3 a6 20. Nc4 Rcd8 21. Rfd1 Be7 22. Bb6 Rxd1+ 23. Rxd1 Kf7 24. Rd7 Rb8 25. Bc7 Rg8 26.
Bb6 Rb8 27. Kf1 Ke6 28. Rd2 Rf8 29. Ke2 g4 30. Ne3 h5 31. Nd5 Bd6 32. Bc7 Bxc7 33.
Nxc7+ Ke7 34. Nd5+ Ke6 35. Ne3 Ne5 36. Rd4 Rc8 37.
Rxe4 Kf6 38. Nd5+ Ke6 39. Nb6 Rc6 40. Nc4 b5 41. Nxe5 Rc8 42. Nd3+ Kf6 43. Rf4+ Kg5 44.
Re4 Kf6 45. Re5 Kg6 46. Nf4+ Kf6 47. Rxh5 Rb8 48. g3 a5 49. Rh6+ Kg5 50. Ra6 a4 51. bxa4 bxa4 52. Rxa4 Rxb2+ 53. Ke3 Rc2 54. c4 Rc3+ 55. Ke4 Rc2 56. Ra5+ Kh6 57. Ra6+ Kg7 58.
Kf5 Rxf2 59. Kxg4 Rxh2 60. c5 Rc2 61. c6 Kf6 62. c7+ Ke5 63. Ra7 Kd6 64. Kg5 Rc5+ 65.
Kf6 Rc4 66. Kf5 Rc5+ 67. Ke4 Rc4+ 68. Kd3 Rc6 69. g4 Ke5 70. Nh3 Rc1 71. g5 Rc6 72.
Ra5+ Ke6 73. Ra6 1-0

[Event "*** Titled Tuesday Blitz"]
[Site "Chess.com"]
[Date "2019.05.07"]
[Round "3"]
[White "maxip32"]
[Black "Jadeit90"]
[Result "1-0"]
[WhiteElo "2416"]
[BlackElo "2378"]
[TimeControl "180+2"]
[EndTime "13:41:19 PDT"]
[Termination "maxip32 won by resignation"]

1. e4 g6 2. d4 Bg7 3. Nc3 c5 4. Nf3 cxd4 5. Nxd4 Nc6 6. Be3 Nf6 7. Bc4 O-O 8. f3 Qb6 9. Ncb5 a6 10. Nf5 Qa5+ 11.
Bd2 Qd8 12. Nxg7 axb5 13. Bxb5 Kxg7 14. h4 h5 15. Bc3 d6 16. Qd2 Be6 17. a4 Ne5 18. b3 Rc8 19. O-O-O Qc7 20. Kb2 Rfd8 21. f4 Neg4 22. Bd4 Kg8 23. Rde1 d5 24. f5 Bd7 25. fxg6 fxg6 26. exd5 Bxb5 27. axb5 Rxd5 28. c4 Rf5 29. Rhf1 Rxf1 30. Rxf1 Rd8 31. Qd3 Kf7 32. Qc3 Qd6 33. Bxf6 Nxf6 34. Rf2 Qd4 35. Qxd4 Rxd4 36. Rc2 Rxh4 37. c5 Rd4 38. c6 bxc6 39. bxc6 Rd8 40. b4 Nd5 41. b5 Nb6 42. Kb3 Ke6 43. Kb4 Kd6 44. Rd2+ Kc7 45. Ra2 Ra8 46. Re2 Ra4+ 47. Kb3 Rg4 48. Rxe7+ Kd6 49. Rb7 Nd5 50. Rd7+ Kc5 51.
Rxd5+ Kxd5 52. c7 Rc4 53. b6 Rc6 54. b7 Rxc7 55. b8=Q Rc6 56. Qb7 Kc5 57. Kc3 Re6 58. Kd3 Kd6 59. Qg7 Kd5 60. Qd4+ Kc6 61. Qc4+ Kd6 62.
Kd4 Ke7 63. Qc7+ Kf6 64. Qd8+ Kf7 65. Kd5 Rf6 66. Qd7+ Kg8 67. Qe8+ Kg7 68. Qe7+ Rf7 69. Qe4 Rf5+ 70. Ke6 Kh6 71. Qa8 Kh7 72. Qe8 Kg7 73.
Qe7+ Kh6 74. Qd7 Kg5 75. Qg7 h4 76. Qh8 Kg4 77. Qc3 g5 78. Qh3+ 1-0

[Event "*** Titled Tuesday Blitz"]
[Site "Chess.com"]
[Date "2019.05.07"]
[Round "3"]
[White "Tartody"]
[Black "Vice64"]
[Result "1/2-1/2"]
[WhiteElo "2495"]
[BlackElo "2535"]
[TimeControl "180+2"]
[EndTime "13:41:33 PDT"]
[Termination "Game drawn - insufficient material"]

1. Nf3 Nf6 2. b3 e6 3. Bb2 b6 4. g3 Bb7 5. Bg2 Be7 6. c4 O-O 7. O-O d5 8. cxd5 exd5 9. d4 Ne4 10. Nbd2 Nxd2 11. Qxd2 Nd7 12. Rfc1 Bd6 13. Ne5 Bxe5 14. dxe5 Nc5 15. Ba3 Re8 16. Bxc5 bxc5 17. Rxc5 Rxe5 18. e4 c6 19. Rac1 h5 20. h4 Rc8 21. exd5 cxd5 22.
Rxc8 Bxc8 23. f4 Re8 24. Qxd5 Qb6+ 25. Kh2 Bg4 26. Rc2 Re1 27. Qc5 Qxc5 28. Rxc5 Re2 29. Kg1 Rxa2 30. Bd5 a5 31. Rb5 g6 32. Rb7 Be6 33. Bxe6 fxe6 34. Re7 Ra1+ 35. Kf2 Ra2+ 36. Kg1 Ra1+ 37. Kg2 Ra2+ 38. Kh3 Ra3 39. Rxe6 Kf7 40. Rb6 a4 41. bxa4 Rxa4 42. Rb5 Kf6 43. Rb6+ Kf5 44. Rb5+ Kf6 45. Rc5 Ra3 46. Rc6+ Kf5 47. Rc8 Ra1 48. Rf8+ Ke6 49. Kg2 Ra2+ 50. Kh3 Ra3 51. Rb8 Kf5 52. Rb2 Rc3 53. Re2 Rc5 54. Re8 Rc3 55. Re5+ Kf6 56. Kg2 Rc2+ 57. Kf3 Rc3+ 58. Re3 Rc4 59. Ra3 Rc1 60.
Ra6+ Kf5 61. Ra5+ Kf6 62. Rg5 Rc3+ 63. Ke4 Ra3 64. f5 gxf5+ 65. Kf4 Ra4+ 66. Kf3 Ra3+ 67. Kg2 Ke5 68. Rxh5 Ke4 69. Rg5 f4 70. Rg4 Rxg3+ 71. Rxg3 fxg3 72. Kxg3 Kf5 73. h5 Kg5 74. h6 Kxh6 1/2-1/2

[Event "*** Titled Tuesday Blitz"]
[Site "Chess.com"]
[Date "2019.05.07"]
[Round "3"]
[White "Chessdude1987"]
[Black "PawnEatingZombie"]
[Result "0-1"]
[WhiteElo "2104"]
[BlackElo "2150"]
[TimeControl "180+2"]
[EndTime "13:41:40 PDT"]
[Termination "PawnEatingZombie won by checkmate"]

1. e4 e6 2. d4 d5 3. exd5 exd5 4.
c4 Nf6 5. Nc3 Bd6 6. Nf3 O-O 7.
Bd3 dxc4 8. Bxc4 Nc6 9. O-O h6 10. h3 Bf5 11. Re1 Re8 12. Be3 Na5 13. Bf1 a6 14. a3 Nc6 15. Rc1 Qd7 16. Na4 Nd5 17.
Nc5 Bxc5 18. Rxc5 Nce7 19. Ne5 Qd6 20. Qc1 c6 21. Qd2 f6 22. Nc4 Qd7 23. Qa5 Rad8 24. Nb6 Nxb6 25. Qxb6 Nd5 26. Qb3 Qf7 27. Rcc1 Nxe3 28.
Qxf7+ Kxf7 29. fxe3 Be4 30. Kf2 f5 31. Rc3 Kf6 32.
Rec1 g5 33. Be2 Re7 34. b4 Rde8 35. a4 Bd5 36. Bh5 Rd8 37. Rc5 g4 38. hxg4 Kg5 39. b5 axb5 40. axb5 fxg4 41. Rh1 Rf8+ 42. Ke2 g3 43. Bf3 Kg6 44. Bxd5 cxd5 45. Rxd5 Rf2+ 46. Kd3 Rxg2 47. Rdh5 Rh7 48. d5 Rb2 49. R5h3 g2 50.
Rg3+ Kf6 51. Rg1 Rg7 52. Rxg7 Kxg7 53. d6 Kf7 54. Kd4 Ke6 55. Kc5 h5 56. e4 h4 57.
Kb6 Kxd6 58. Kxb7 h3 59. Rd1+ Ke5 60. Kc6 h2 61. b6 g1=Q 62. Rd5+ Kxe4 63. b7 Rxb7 64.
Rd8 Qb6# 0-1

[Event "*** Titled Tuesday Blitz"]
[Site "Chess.com"]
[Date "2019.05.07"]
[Round "3"]
[White "DenishevM"]
[Black "tteshan"]
[Result "1-0"]
[WhiteElo "2601"]
[BlackElo "2309"]
[TimeControl "180+2"]
[EndTime "13:41:45 PDT"]
[Termination "DenishevM won by resignation"]

1. Nf3 c5 2. c4 Nc6 3. Nc3 g6 4. d4 cxd4 5. Nxd4 Bg7 6. Nc2 Nf6 7. e4 O-O 8. Be3 d6 9. Be2 Bd7 10. O-O Rc8 11. f3 h5 12. Qd2 a5 13. Rad1 Ne5 14.
b3 a4 15. Nd4 axb3 16. axb3 Ra8 17. Ndb5 Bc6 18. Ra1 Ned7 19. Bd3 Nc5 20. Bc2 Nfd7 21. Rad1 Qa5 22. Nd5 Bxd5 23. Qxa5 Rxa5 24. exd5 Ra2 25. Rf2 Rfa8 26. h4 Rb2 27. Bc1 Rba2 28. Bg5 Kf8 29. Re1 Nf6 30. Rfe2 Ncd7 31. Bf4 Rb2 32. Kh2 Raa2 33.
Bd3 Rxe2 34. Rxe2 Rxe2 35. Bxe2 Nc5 36. Nxd6 Nxb3 37. Nxb7 Nd4 38. Bd3 Ke8 39. Be4 Nd7 40.
c5 Nb3 41. c6 Nb6 42. Be3 Nc8 43. Nc5 Nxc5 44. Bxc5 Be5+ 45. g3 Bc7 46. Kg2 Nd6 47.
Kf2 Kf8 48. Bd4 Ke8 49. Bd3 Kd8 50. g4 hxg4 51. fxg4 Ke8 52. h5 gxh5 53. gxh5 Kf8 54.
h6 f6 55. Bh7 Kf7 56. Kf3 Nc4 57. Ke4 Nd6+ 58. Kf3 Nc4 59. Kg4 Nd6 60. Kh5 Nb5 61.
Bg6+ Kg8 62. Bc5 Nd6 63. Bd3 Kh8 64. Kg6 Kg8 65. Bd4 Kh8 66. Be3 Kg8 67. h7+ Kh8 68.
Bh6 Ne8 69. Bf5 Bd6 70. Bd7 f5 71. Bxe8 Be5 72. c7 Bf6 1-0

[Event "*** Titled Tuesday Blitz"]
[Site "Chess.com"]
[Date "2019.05.07"]
[Round "3"]
[White "valeriocarnicelli"]
[Black "vovachesss"]
[Result "1-0"]
[WhiteElo "2525"]
[BlackElo "2517"]
[TimeControl "180+2"]
[EndTime "13:41:47 PDT"]
[Termination "valeriocarnicelli won by resignation"]

1. e4 e5 2. Nf3 d5 3. Nxe5 Bd6 4.
d4 dxe4 5. Nc4 Nf6 6. Nxd6+ Qxd6 7. Nc3 O-O 8. h3 Rd8 9. Be3 c6 10. Qd2 Nbd7 11. g4 Nb6 12. O-O-O a5 13. g5 Nfd5 14. Nxe4 Qc7 15. Kb1 Bf5 16. Bd3 Bxe4 17. Bxe4 Nc4 18. Qd3 b5 19. Bxh7+ Kf8 20. Bc1 Nb4 21. Qf3 Qd6 22.
Be4 Re8 23. Rhe1 Rad8 24. h4 Qe6 25. b3 Nd6 26. Bxc6 Qxe1 27. Rxe1 Rxe1 28. g6 Rc8 29. c3 Rxc6 30. Kb2 Rc7 31. Bf4 Re6 32. cxb4 axb4 33. Qa8+ Ke7 34. Qf3 fxg6 35. Bg5+ Kd7 36. Be3 Nf5 37. d5 Re8 38. h5 Nxe3 39. fxe3 gxh5 40. e4 Rec8 41. Qf5+ Kd6 42. Qf4+ Kc5 43. d6 Rc6 44. e5 Kd5 45. d7 Rd8 46. Qd2+ Kxe5 47.
Qg5+ Kd6 48. Qxd8 Rc7 49. Qf8+ Kxd7 50. Qxg7+ Kc6 51. Qg6+ Kb7 52. Qxh5 Kb6 53. Qg6+ Rc6 54. Qf5 Rc5 55. Qe4 Ka5 56. Qa8+ Kb6 57. Qe4 Ka5 58. Qe1 Rg5 59. Qf2 Rg7 60. Qd2 Rc7 61.
a3 Rc6 62. Qxb4+ Ka6 63. a4 bxa4 64. Qxa4+ Kb6 65. Qd4+ Kb5 66. Qd5+ Rc5 67. Qb7+ Ka5 68. Ka3 Rc3 69. Qb4+ Ka6 70. Qxc3 1-0

[Event "*** Titled Tuesday Blitz"]
[Site "Chess.com"]
[Date "2019.05.07"]
[Round "3"]
[White "Yurovskykh_Oleksandr"]
[Black "joppie2"]
[Result "0-1"]
[WhiteElo "2515"]
[BlackElo "2759"]
[TimeControl "180+2"]
[EndTime "13:41:59 PDT"]
[Termination "joppie2 won by checkmate"]

1. d4 Nf6 2. Nf3 g6 3. Bg5 Ne4 4. Bh4 Bg7 5. e3 c5 6. c3 Qb6 7. Qb3 d6 8. Nbd2 Nxd2 9. Nxd2 Be6 10. Bc4 Qxb3 11. axb3 Nd7 12. d5 Bf5 13. e4 g5 14.
Bxg5 Bg6 15. O-O f5 16. exf5 Bxf5 17. Rfe1 Nf6 18. Bb5+ Kf7 19. Bxf6 Bxf6 20. Ne4 Be5 21. Bd3 Bxe4 22. Rxe4 a6 23. Rh4 Kg7 24. Raa4 h5 25. Rh3 b5 26. Rah4 b4 27. cxb4 cxb4 28. Rxb4 Bxb2 29. Rbh4 Rac8 30. Bc4 a5 31. Kf1 Bf6 32. Re4 Be5 33. f4 Bf6 34. Ke2 Kf7 35. Rd3 Rhg8 36. g3 Ra8 37. Bb5 Rgb8 38. Bc6 Ra6 39.
Ra4 Rab6 40. Ra3 Rb4 41. h4 Kg6 42. Kf3 R8b6 43. Be8+ Kh6 44. Bd7 Rb7 45. Be6 Kg6 46. Bc8 R7b5 47. Bd7 Rc5 48. Bc6 Bc3 49. Ra4 Rxb3 50.
Re4 Kf7 51. Rde3 e5 52. dxe6+ Ke7 53. Ba4 Rb1 54. Re2 d5 55. R4e3 d4 56. Re5 Rxe5 57. Rxe5 Rb4 58. Bc2 d3 59. Rc5 dxc2 60. Rxc3 Rb3 61.
Rxb3 c1=Q 62. Re3 a4 63. f5 Qxe3+ 64. Kxe3 a3 65. Kf4 a2 66. Kg5 a1=Q 67. Kxh5 Kf6 68. g4 Qd1 69. e7 Kxe7 70. Kh6 Qd2+ 71. g5 Qf4 72. h5 Qxf5 73. g6 Kf6 74. g7 Qg5+ 75.
Kh7 Qxg7# 0-1

[Event "*** Titled Tuesday Blitz"]
[Site "Chess.com"]
[Date "2019.05.07"]
[Round "3"]
[White "superstructure"]
[Black "BvsN"]
[Result "1/2-1/2"]
[WhiteElo "2276"]
[BlackElo "2283"]
[TimeControl "180+2"]
[EndTime "13:42:11 PDT"]
[Termination "Game drawn by stalemate"]

1. e4 c5 2. Nf3 e6 3. c4 Nc6 4.
Nc3 Nge7 5. a3 a6 6. b4 cxb4 7. axb4 Nxb4 8. Ba3 Ng6 9. Qb3 Nc6 10. Bxf8 Nxf8 11. d4 Ng6 12. Be2 O-O 13. O-O d6 14. Rfd1 Qf6 15. Qb6 Nf4 16. Rac1 Qg6 17. Ne1 Nxe2+ 18.
Nxe2 Qxe4 19. Ng3 Qg6 20. Nf3 Qf6 21. d5 exd5 22. Rxd5 Bg4 23. Nd4 Nxd4 24. Rxd4 Be6 25. Rxd6 Qe7 26. c5 Rac8 27. Re1 Qc7 28. Qxc7 Rxc7 29.
Rc1 Rfc8 30. Ne4 Kf8 31. Ng5 Bf5 32. h3 Rxc5 33. Rcd1 Rc1 34. Rxc1 Rxc1+ 35. Kh2 Ke7 36. Rb6 Rc7 37. g4 Bg6 38. Nf3 f6 39. Nd4 Rd7 40. Nb3 Kd8 41. Nc5 Rd2 42. Rxb7 Rxf2+ 43. Kg3 Rc2 44. Ne6+ Kc8 45. Rxg7 a5 46. Ra7 Ra2 47. Nf8 a4 48. Nxh7 Bxh7 49. Rxh7 Rc2 50. Ra7 Rc3+ 51.
Kg2 a3 52. h4 Kb8 53. Ra4 Rc2+ 54. Kg3 a2 55. h5 f5 56. g5 f4+ 57. Kxf4 Rc4+ 58. Rxc4 a1=Q 59. Re4 Qf1+ 60. Ke5 Qb5+ 61.
Kf6 Qc6+ 62. Re6 Qc3+ 63. Kg6 Qd3+ 64. Kh6 Qd5 65. Rf6 Kc7 66. g6 Qd2+ 67. Kh7 Qd3 68. h6 Kd8 69. Rf7 Ke8 70. Kg7 Qd4+ 71. Kg8 Qd3 72. Kg7 Qd4+ 73. Kh7 Qd3 74. Ra7 Qe4 75. Rg7 Qf5 76. Kh8 Qf6 77. Kh7 Kf8 78. Rf7+ Qxf7+ 79. gxf7 Kxf7 80. Kh8 Kf8 81. h7 Kf7 1/2-1/2

[Event "*** Titled Tuesday Blitz"]
[Site "Chess.com"]
[Date "2019.05.07"]
[Round "3"]
[White "Koksal06"]
[Black "FancyPlaySyndrome"]
[Result "1-0"]
[WhiteElo "2490"]
[BlackElo "2514"]
[TimeControl "180+2"]
[EndTime "13:42:26 PDT"]
[Termination "Koksal06 won by resignation"]

1. d4 g6 2. c4 Bg7 3. Nf3 Nf6 4. Nc3 O-O 5. e4 d6 6. Be2 e5 7. Be3 Ng4 8. Bg5 f6 9. Bc1 Nh6 10. O-O Nc6 11. dxe5 fxe5 12. Bg5 Qd7 13. h3 Nf7 14. Be3 Ncd8 15. c5 Ne6 16. cxd6 c6 17. Qb3 Qxd6 18.
Rad1 Nd4 19. Qa4 b5 20. Qa5 b4 21. Bxd4 exd4 22. Na4 Re8 23. Qc5 Rxe4 24. Bc4 Be6 25. Bxe6 Rxe6 26. Nxd4 Qxc5 27. Nxc5 Rd6 28. Nc2 Bxb2 29.
Nxb4 Ba3 30. Rxd6 Nxd6 31. Nbd3 Re8 32. Rb1 Re2 33. Rb8+ Kf7 34. Rd8 Nf5 35. Rd7+ Re7 36. Ne5+ Ke8 37. Rxe7+ Nxe7 38. Ncd3 Kd8 39. Kf1 Kc7 40.
Ke2 Kd6 41. Nc4+ Kd5 42. Nxa3 Kd4 43. Nc2+ Kc3 44. Ne3 a5 45. g4 g5 46. f4 gxf4 47. Nxf4 Kb2 48. Nc4+ Kxa2 49. Nxa5 Kb2 50. Kd3 Ka3 51.
h4 Kb4 52. Nc4 Kc5 53. Nh5 Ng6 54. Nf6 Nxh4 55. Nxh7 Kd5 56. Nf6+ Ke6 57. Nh5 Nf3 58. Ke4 Ng5+ 59. Kf4 Nf7 60. Ng7+ Kd5 61. Ne3+ Kd6 62.
Ngf5+ Ke6 63. Nc4 c5 64. Ke4 Kf6 65. Ncd6 Nd8 66. Ne8+ Kg5 67. Kf3 Ne6 68. Neg7 Nf4 69. Ng3 Ng6 70. Ne4+ Kh6 71. Nf5+ Kh7 72. g5 c4 73.
Nf6+ Kh8 74. Nd5 Kh7 75. Kg4 Ne5+ 76. Kh5 Kg8 77. Nfe7+ Kf7 78. Nf5 Ke6 79. Nfe3 Kf7 80.
Nf5 Ke6 81. Nfe3 Kf7 82. Nf4 c3 83. Nfd5 Nf3 84. g6+ Kg8 85. Kh6 Ne5 86. Nf6+ Kf8 87. g7+ Ke7 88. g8=Q 1-0

[Event "*** Titled Tuesday Blitz"]
[Site "Chess.com"]
[Date "2019.05.07"]
[Round "3"]
[White "mouseWLZ"]
[Black "pedro_gines"]
[Result "1-0"]
[WhiteElo "2611"]
[BlackElo "2346"]
[TimeControl "180+2"]
[EndTime "13:42:27 PDT"]
[Termination "mouseWLZ won on time"]

1. d4 Nf6 2. Bf4 g6 3. Nc3 Bg7 4. e4 d6 5. Qd2 O-O 6. O-O-O Nc6 7. Bh6 e5 8. d5 Nd4 9. h4 Bxh6 10. Qxh6 Ng4 11. Qd2 f5 12. f3 Nf6 13. Bd3 f4 14. Nge2 Nxe2+ 15. Nxe2 Nh5 16. Rdg1 Qf6 17. Kb1 Bd7 18.
Qd1 Kg7 19. g4 fxg3 20. Nxg3 Nxg3 21. Rxg3 Qf4 22. Qg1 Rf6 23. h5 Raf8 24. hxg6 Rxg6 25. Rxh7+ Kxh7 26. Rxg6 Rf7 27. Rg2 Qxf3 28. Rg3 Qh5 29. Be2 Qh6 30. a3 Rf4 31. Qxa7 Qh2 32. Re3 Kg7 33. Ka2 Qg1 34. Bd3 Rf3 35. Qxb7 Qxe3 36.
Qxc7 Rf7 37. Qxd6 Qd4 38. b4 Ba4 39. b5 Rf2 40. Qe7+ Kg6 41. Qe6+ Kg5 42. Qg8+ Kf4 43. Qf8+ Ke3 44. Qh6+ Kf3 45. Qh3+ Kf4 46. Qh4+ Kf3 47. Qh5+ Ke3 48. Qg5+ Kf3 49. Qf5+ Ke3 50. Qg5+ Rf4 51.
Qg2 Rf2 52. Qg5+ Rf4 53. Qg2 Rf3 54. d6 Qxd6 55. Qe2+ Kf4 56. Qh2+ Ke3 57. Qe2+ Kf4 58. Qh2+ Rg3 59. Qf2+ Rf3 60. Qd2+ Kg3 61. Qg5+ Kf2 62. Qd2+ Kg1 63. Qc1+ Kh2 64. Qd2+ Kh3 65. Bf1+ Rxf1 66. Qxd6 Bxb5 67. Qxe5 Bc4+ 68. Kb2 Be2 69. a4 Rf2 70. Kc3 Bd1 71. Qh8+ Kg2 72. Qg7+ Kf1 73. a5 Rxc2+ 74. Kd4 Bf3 75. a6 Rd2+ 76. Ke3 Rf2 77. a7 Bxe4 78.
Qa1+ Kg2 79. Kxe4 Re2+ 80. Kd3 1-0

[Event "*** Titled Tuesday Blitz"]
[Site "Chess.com"]
[Date "2019.05.07"]
[Round "3"]
[White "enriquetejedor"]
[Black "ChessWeebs"]
[Result "1/2-1/2"]
[WhiteElo "2596"]
[BlackElo "2772"]
[TimeControl "180+2"]
[EndTime "13:42:32 PDT"]
[Termination "Game drawn by agreement"]

1. e4 e6 2. d4 d5 3. Nd2 c5 4. exd5 Qxd5 5. Ngf3 cxd4 6. Bc4 Qd7 7. O-O Nc6 8. Nb3 Nf6 9. Nbxd4 Nxd4 10. Nxd4 a6 11.
c3 b5 12. Bb3 Bb7 13. a4 Bc5 14. axb5 axb5 15. Rxa8+ Bxa8 16. Nxb5 Qc6 17. Qf3 Qxf3 18.
gxf3 Bxf3 19. Be3 Nd7 20. Nd4 Bb7 21. Rd1 Ke7 22. Ba4 Nb6 23. Nc6+ Kf6 24. Bxc5 Nxa4 25. Bd4+ Kf5 26. Ne7+ Kg5 27. b3 Re8 28. bxa4 Rxe7 29. Bxg7 f6 30. Bf8 Rc7 31. Bb4 e5 32. Kf1 Ba6+ 33. Ke1 Rc4 34. Rd3 Rh4 35. Rg3+ Kf5 36. h3 Re4+ 37. Re3 Rxe3+ 38. fxe3 Ke4 39. Kf2 f5 40.
Bd6 Bc4 41. a5 Ba6 42. Bc5 Bb5 43. Ba7 Ba6 44. Kg3 Kd3 45. Kf2 Kxc3 46. Bb8 Kd3 47. Bxe5 Ke4 48. Bf4 Kd5 49. Kg3 Ke6 50. Kh4 Kf7 51.
Kg5 Bd3 52. Kh6 Kg8 53. Be5 Kf7 54. Kg5 Ke6 55. Bf4 Kf7 56. Bh2 Ke6 57. Bg3 Kf7 58. Be1 Ke6 59. Kf4 Ba6 60. Bd2 Bb5 61. Bc3 Ba6 62. Bb2 Bb5 63. Ba3 Ba6 64. Kg5 Bd3 65. Bc5 Kf7 66. Bb6 Ke6 67. Bc7 Kf7 68. Bb8 Ke6 69.
Bc7 Kf7 70. Bf4 Kg7 71. Bg3 h6+ 72. Kf4 Kf6 73. Bh4+ Ke6 74. Be1 Ba6 75. Bc3 Bf1 76.
h4 Be2 77. Ba1 Bd3 78. Kf3 Be4+ 79. Ke2 Bb7 80. Kd3 Kd5 81. Kc3 Ba6 82. Kd2 h5 83. Bf6 Ke4 84. Bg5 Kd5 85. Kc3 Ke4 86. Kb4 Kd5 87.
Bf4 Bd3 88. Bh2 Ba6 89. Kc3 Ke4 90. Kd2 Kd5 91. Ke1 Ke4 92. Kf2 Bb5 93. Bc7 Ba6 94. Bf4 Bb5 95. Ke1 Ba6 96. Bg5 Bb5 97. Kd1 Ba6 98.
Kc2 Bb5 99. Kb2 Ba6 100. Ka2 Kd5 101. Ka3 Ke4 102. Kb3 Kd5 103. Kc3 Bb5 104. Kd2 Ba6 105. Bd8 Ke4 106. Bc7 Kf3 107. Bf4 Ke4 108. Kc3 Kd5 109. Bg3 Ke4 110. Bf2 Kf3 111. Be1 Kxe3 112. Bd2+ Ke4 113. Bg5 f4 114. Kd2 Kf3 115. Ke1 Kg3 116. Bd8 f3 117. Bc7+ Kxh4 118. Kf2 Kg4 119. Bh2 Bb7 120. Bc7 h4 121. Bh2 Kf5 122. Bc7 Ke6 123. Bd8 h3 124. Bc7 Kd7 125. Bh2 Ke6 126. a6 Ba8 127. Bg3 Kf5 128. Bh2 Kg4 129. Bd6 Bc6 130. Bh2 1/2-1/2